 Dungeon Crawl Stone Soup version 0.30-a0-358-g0d69a1922f (webtiles) character file.

Game seed: 15182909941837092618

5450 hikkokomori the Destroyer (level 10, -2/83 HPs)
             Began as a White Draconian Conjurer on Nov 9, 2022.
             Slain by an orc warrior
             ... wielding a +0 war axe
              (14 damage)
             ... on level 8 of the Dungeon.
             The game lasted 00:24:52 (8380 turns).

hikkokomori the Destroyer (DrCj)                    Turns: 8380, Time: 00:24:53

Health: -2/83      AC: 11    Str: 10    XL:     10   Next: 41%
Magic:  0/19       EV: 12    Int: 27    God:
Gold:   311        SH:  0    Dex: 11    Spells: 5/21 levels left

rFire   . . .      SeeInvis .    n - +0 morningstar
rCold   + . .      Faith    .    (no shield)
rNeg    . . .      Spirit   .    (body armour unavailable)
rPois   .          Reflect  .    E - +2 hat
rElec   .          Harm     .    C - +0 cloak
rCorr   .          Rampage  .    k - +0 pair of gloves
Will    .....                    (no boots)
Stlth   ++........               (no amulet)
HPRegen 0.33/turn                r - +6 ring of intelligence
MPRegen 0.16/turn                (no ring)

@: no status effects
A: breathe frost, AC +7, unfitting armour, cold resistance 1, cold-blooded
a: Breathe Frost


You were on level 8 of the Dungeon.
You visited 1 branch of the dungeon, and saw 8 of its levels.
You also visited: Bailey.

You collected 503 gold pieces.
You spent 192 gold pieces at shops.

Inventory:

Hand Weapons
 g - a +0 dagger
 n - a +0 morningstar (weapon)
 G - a +2 halberd of venom
Armour
 k - a +0 pair of gloves (worn)
 C - a +0 cloak (worn)
 E - a +2 hat (worn)
Jewellery
 f - a +6 ring of intelligence
 r - a +6 ring of intelligence (left hand)
Wands
 u - a wand of roots (3)
 y - a wand of quicksilver (2)
 B - a wand of paralysis (5)
Scrolls
 e - a scroll of amnesia {unknown}
 j - 3 scrolls of teleportation
 l - 2 scrolls of immolation
 o - 2 scrolls of vulnerability
 p - a scroll of butterflies {unknown}
 q - a scroll of poison {unknown}
 x - 2 scrolls of noise
 z - 3 scrolls of enchant armour
 D - a scroll of torment {unknown}
 F - 2 scrolls of fear {unknown}
 J - 3 scrolls of enchant weapon
 K - a scroll of brand weapon
 L - 3 scrolls of summoning
Potions
 a - 5 potions of magic
 b - 3 potions of invisibility
 c - 4 potions of heal wounds
 d - 2 potions of ambrosia
 h - 2 potions of attraction
 i - a potion of flight {unknown}
 m - 2 potions of brilliance
 s - 2 potions of mutation {unknown}
 t - a potion of experience {unknown}
 v - 3 potions of cancellation
 w - a potion of degeneration {unknown}
 A - a potion of lignification {unknown}
 H - 2 potions of might {unknown}
 I - 2 potions of resistance {unknown}
 M - 3 potions of curing {unknown}


   Skills:
 + Level 6.0 Fighting
 + Level 5.4 Maces & Flails
 - Level 1.7 Dodging
 - Level 1.7 Stealth
 - Level 6.2 Spellcasting
 + Level 9.7 Conjurations
 - Level 4.0 Hexes
 + Level 4.3 Translocations
 + Level 4.3 Air Magic


You had 5 spell levels left.
You knew the following spells:

 Your Spells              Type           Power      Damage    Failure   Level
a - Magic Dart            Conj           100%       1d8       1%          1
b - Searing Ray           Conj           100%       2d8       1%          2
c - Fulminant Prism       Conj/Hex       22%        3d12      3%          4
d - Iskenderun's Mystic   Conj/Tloc      46%        2d10      3%          4
e - Arcjolt               Conj/Air       23%        1d33      10%         5

Your spell library contained the following spells:

 Spells                   Type           Power      Damage    Failure   Level
 Dazzling Flash           Conj/Hex       90%        N/A       1%          3
 Vhi's Electric Charge    Tloc/Air       62%        N/A       3%          3
 Maxwell's Capacitive Co  Air            15%        ∞         100%        8


Dungeon Overview and Level Annotations

Branches:
Dungeon (8/15)             Temple (0/1) D:7          Bailey (visited)
   Lair: D:8-11

Altars:
Dithmenos
Fedhas
Gozag
Kikubaaqudgha
Okawaru
Qazlal
Trog
Uskayaw
Zin
Lugonu

Shops:
D:5 [

Portals:
Abyss: D:4

Annotations:
D:3 3 runed translucent doors, Encipher's ghost, amateur AtFi
D:5 3 runed translucent doors, baller8008's ghost, novice GnFi


Innate Abilities, Weirdness & Mutations

You can breathe waves of freezing cold which knock back foes.
Your icy white scales are hard. (AC +7)
You cannot fit into any form of body armour.
Your flesh is cold resistant. (rC+)
You are cold-blooded and may be slowed by cold attacks.


Message History

You closely miss the orc warrior. You tail-slap the orc warrior.
The orc warrior is lightly wounded.
The orc warrior closely misses you.
You hit the orc warrior but do no damage.
You tail-slap the orc warrior, but do no damage.
The orc warrior is lightly wounded.
The orc warrior hits you but does no damage.
You puncture the orc warrior!
Your tail-slap misses the orc warrior.
The orc warrior is heavily wounded.
The orc warrior hits you with a +0 war axe!
The orc warrior closely misses you.
Casting: Fulminant Prism (dangerous; 3% risk of failure)
Confirm with . or Enter, or press ? or * to list all spells.
Aiming: Fulminant Prism (dangerous; 3% risk of failure)
Press: ? - help, Dir - move target You conjure a prism of explosive energy!
A fulminant prism comes into view.
The orc warrior hits you with a +0 war axe.
You closely miss the orc warrior.
The orc warrior is heavily wounded.
The orc warrior closely misses you.
Your fulminant prism crackles loudly.
You barely miss the orc warrior.
The orc warrior is heavily wounded.
The orc warrior hits you with a +0 war axe.
Your fulminant prism explodes!
The blast of energy engulfs the orc warrior!
The orc warrior is almost dead.
You hear a shout! x2
You hit the orc warrior but do no damage.
The orc warrior is almost dead.
The orc warrior hits you with a +0 war axe.
Unknown command.
You hit the orc warrior but do no damage.
You tail-slap the orc warrior, but do no damage.
The orc warrior is almost dead.
The orc warrior hits you with a +0 war axe!
* * * LOW HITPOINT WARNING * * *
The orc warrior hits you with a +0 war axe!
You die...

#..# ##>...... #######
#.## #.....).. ##.....##
#.# #.####..#
##.......###.# #..# #...#
#.........##.# #.##...#..
#.........##.##.....#####
#......>..##.....### #
#...$))...#..###.#
#.......@o...#
##.......###.#
#.........##.#
#.........##.#
#............#
#.........#..#
#...<.....##..
##.......## .# ##.......


You could see an orc warrior.

Vanquished Creatures
  A hornet (D:8)
  A wyvern (D:7)
  A steam dragon (D:7)
  3 water moccasins
  4 ice beasts
  13 orc warriors (Bailey)
  A sky beast (D:7)
  A black bear (D:8)
  4 ogres
  4 centaurs
  2 phantoms (D:6)
  7 bullfrogs
  A necrophage (D:6)
  7 scorpions
  5 wights (D:8)
  4 howler monkeys
  4 hounds
  A jelly (D:6)
  Crazy Yiuf (D:5)
  2 orc priests
  2 gnoll boudas
  Natasha (twice) (D:2)
  2 iguanas
  3 orc wizards
  3 gnolls (D:2)
  10 adders
  A shadow imp (D:7)
  2 white imps (D:7)
  A worm (D:4)
  2 dart slugs
  32 orcs
  7 ball pythons
  7 endoplasms
  3 giant cockroaches
  8 goblins
  6 hobgoblins
  11 jackals
  12 kobolds
  A quokka (D:4)
  8 bats
  3 frilled lizards
  10 rats
203 creatures vanquished.

Vanquished Creatures (others)
  64 fulminant prisms
  2 plants (D:1)
66 creatures vanquished.

Grand Total: 269 creatures vanquished

Notes
Turn   | Place    | Note
-------+----------+-------------------------------------------
     0 | D:1      | hikkokomori the Draconian Conjurer began the quest for the
                  | Orb.
     0 | D:1      | Reached XP level 1. HP: 14/14 MP: 3/3
   262 | D:1      | Reached XP level 2. HP: 15/20 MP: 1/5
   542 | D:1      | Reached XP level 3. HP: 24/26 MP: 1/7
   686 | D:1      | Found a faded altar of an unknown god.
  1226 | D:2      | Reached XP level 4. HP: 33/33 MP: 1/8
  1557 | D:2      | Reached skill level 5 in Conjurations
  1596 | D:2      | Learned a level 2 spell: Searing Ray
  1601 | D:2      | Learned a level 4 spell: Fulminant Prism
  1711 | D:2      | Noticed Natasha
  1728 | D:2      | Killed Natasha
  1774 | D:2      | Noticed Natasha
  1786 | D:2      | Killed Natasha
  1787 | D:2      | Reached XP level 5. HP: 30/38 MP: 4/10
  1991 | D:3      | Found an iron altar of Okawaru.
  1991 | D:3      | Found a bloodstained altar of Trog.
  2239 | D:3      | Found a hide-covered altar of Uskayaw.
  2253 | D:3      | Reached skill level 1 in Hexes
  2568 | D:3      | Found a runed translucent gate.
  2568 | D:3      | Found a runed translucent gate.
  2568 | D:3      | Found a runed translucent gate.
  2568 | D:3      | Noticed Encipher's ghost (amateur AtFi)
  2983 | D:4      | Reached XP level 6. HP: 45/45 MP: 6/11
  2986 | D:4      | Reached skill level 6 in Conjurations
  3377 | D:4      | Found a large runed translucent door.
  3377 | D:4      | Found a large runed translucent door.
  3377 | D:4      | Found a corrupted altar of Lugonu.
  3393 | D:4      | Found a one-way gate to the infinite horrors of the Abyss.
  3587 | D:5      | Entered Level 5 of the Dungeon
  3657 | D:5      | Your scales start taking on an icy white colour.
  3657 | D:5      | Reached XP level 7. HP: 15/50 MP: 7/13
  3657 | D:5      | Gained mutation: Your flesh is cold resistant. (rC+) [White
                  | Draconian growth]
  3837 | D:5      | Found a runed translucent gate.
  3837 | D:5      | Found a runed translucent gate.
  3837 | D:5      | Found a runed translucent gate.
  3837 | D:5      | Noticed baller8008's ghost (novice GnFi)
  3858 | D:5      | Found an opulent altar of Gozag.
  3875 | D:5      | Found Baorum's Armour Shop.
  4115 | D:5      | Reached skill level 7 in Conjurations
  4424 | D:5      | Found a runed translucent door.
  4425 | D:5      | Noticed Crazy Yiuf
  4676 | D:5      | Killed Crazy Yiuf
  4888 | D:5      | Reached skill level 5 in Spellcasting
  4948 | D:5      | Bought a +2 hat for 192 gold pieces
  5033 | D:6      | Reached XP level 8. HP: 18/57 MP: 12/15
  5512 | D:6      | Reached skill level 1 in Fighting
  5524 | D:6      | Reached skill level 1 in Maces & Flails
  5524 | D:6      | Reached skill level 8 in Conjurations
  5716 | D:6      | Found a blossoming altar of Fedhas.
  5924 | D:6      | Found a glowing silver altar of Zin.
  5935 | D:6      | Reached XP level 9. HP: 60/70 MP: 18/18
  6013 | D:7      | Found a flagged portal.
  6029 | Bailey   | Entered a bailey
  6095 | Bailey   | Learned a level 4 spell: Iskenderun's Mystic Blast
  6101 | Bailey   | Learned a level 5 spell: Arcjolt
  6131 | Bailey   | Reached skill level 1 in Translocations
  6131 | Bailey   | Reached skill level 1 in Air Magic
  6518 | Bailey   | Reached skill level 9 in Conjurations
  6916 | D:7      | Reached skill level 5 in Fighting
  7044 | D:7      | Found an ancient bone altar of Kikubaaqudgha.
  7113 | D:7      | Found a staircase to the Ecumenical Temple.
  7362 | D:7      | Found a stormy altar of Qazlal.
  7485 | D:7      | Reached XP level 10. HP: 76/81 MP: 15/19
  8118 | D:8      | Found a shadowy altar of Dithmenos.
  8210 | D:8      | Reached skill level 5 in Maces & Flails
  8380 | D:8      | Slain by an orc warrior

Illustrated notes

Levels and vault maps discovered:
D:1:      minmay_arrival_hallway, layout_loops_ring,
          shapermc_ecumenical_altar_acropolis, hangedman_glass_garden
D:2:      minmay_general_purpose_star, layout_rooms, glass_columns_b,
          uniq_natasha
D:3:      layout_loops_ring, grunt_temple_overflow_bloody_war,
          eat_drink_and_be_merry_uskayaw, ebering_ghost_rock_garden
D:4:      due_chaos_kobolds, layout_rooms
D:5:      layout_basic, mainiacjoe_overflow_24_doors, ebering_ghost_rock_garden,
          serial_shops, shop_fountains, uniq_crazy_yiuf_cottage
D:6:      layout_basic, mainiacjoe_overflow_small_starburst, zin_statuary
D:7:      minmay_razor_zed, layout_loops_ring, overflow_temple_1_default,
          minmay_temple_entry_statues_pillars, enter_bailey_2,
          minmay_ruined_shrine
D:8:      kennysheep_ambush_hall, layout_rooms,
          mainiacjoe_overflow_concentric_impassable

Skill      XL: |  1  2  3  4  5  6  7  8  9 10 |
---------------+-------------------------------+-----
Spellcasting   | 3 4 5 6 |  6.2
Conjurations   | 5 6 7 8 9 |  9.7
Hexes          | 1 2 3 4 |  4.0
Fighting       | 3 5 6 |  6.0
Maces & Flails | 2 4 5 |  5.4
Translocations | 3 4 |  4.3
Air Magic      | 3 4 |  4.3
Dodging        | |  1.7
Stealth        | |  1.7

Action                   |  1- 3 |  4- 6 |  7- 9 | 10-12 || total
-------------------------+-------+-------+-------+-------++-------
Melee: Unarmed           |    23 |       |       |       ||    23
       Dagger            |    69 |    10 |       |       ||    79
       Tailslap          |    10 |    14 |     9 |    17 ||    50
       Punch             |     1 |     2 |     2 |       ||     5
       Morningstar       |       |   131 |    92 |    74 ||   297
 Cast: Magic Dart        |    52 |    34 |    21 |       ||   107
       Searing Ray       |       |     7 |     2 |     1 ||    10
       Fulminant Prism   |       |     4 |    43 |    17 ||    64
 Abil: Breathe Frost     |       |       |     3 |     3 ||     6
Evoke: Wand              |       |       |     2 |     2 ||     4
  Use: Potion            |     1 |       |     2 |       ||     3
       Scroll            |       |       |     6 |     5 ||    11
 Stab: Sleeping          |       |     3 |     2 |       ||     5
Armor: Skin              |    30 |    71 |    57 |    49 ||   207
Dodge: Dodged            |    61 |   129 |    92 |    64 ||   346

Table legend: (Time is in decaauts)
 A = Elapsed time spent in this place.
 B = Non-inter-level travel time spent in this place.
 C = Inter-level travel time spent in this place.
 D = Time resting spent in this place.
 E = Time spent auto-exploring this place.
 F = Levels seen in this place.
 G = Mean time per level.
                   A        B        C        D        E       F      G
               +--------+--------+--------+--------+--------+-----+--------+
         Total |   8509 |   8204 |    305 |   1256 |   5234 |   9 |  945.4 |
       Dungeon |   7748 |   7443 |    305 |    864 |   5115 |   8 |  968.5 |
        Bailey |    761 |    761 |      0 |    392 |    119 |   1 |  761.0 |
               +--------+--------+--------+--------+--------+-----+--------+

Top non-repeatable levels by time:
     D:5: 1406 daAuts
     D:7: 1380 daAuts
     D:1: 1040 daAuts
     D:6: 1038 daAuts
     D:2: 905 daAuts
     D:3: 899 daAuts
     D:4: 805 daAuts
  Bailey: 761 daAuts
     D:8: 271 daAuts
